 Dungeon Crawl Stone Soup version 0.29-a0-817-g9904bce7a6 (webtiles) character file.

Game seed: 7289516775911434171

12 LynnLen the Sneak (level 2, 0/15 HPs)
             Began as a Vampire Enchanter on July 6, 2022.
             Slain by a bat (1 damage)
             ... on level 1 of the Dungeon.
             The game lasted 00:02:01 (543 turns).

LynnLen the Sneak (Vampire Enchanter)                Turns: 543, Time: 00:02:01

Health: 0/15       AC:  2    Str:  7    XL:     2   Next: 20%
Magic:  5/5        EV: 12    Int: 17    God:
Gold:   15         SH:  0    Dex: 14    Spells: 5/5 levels left

rFire   . . .      SeeInvis +   a - +1 dagger
rCold   + + .      Faith    .   (no shield)
rNeg    + + +      Spirit   .   b - +0 robe
rPois   ∞          Reflect  .   (no helmet)
rElec   .          Harm     .   (no cloak)
rCorr   .          Rampage  .   (no gloves)
Will    .....                   (no boots)
Stlth   +++++.....              (no amulet)
HPRegen 0.00/turn               (no ring)
MPRegen 0.09/turn               (no ring)

@: bloodless, inhibited regen, invisible
A: bloodless, fangs 3, see invisible, vampiric 1
a: Revivify


You were on level 1 of the Dungeon.
You visited 1 branch of the dungeon, and saw 1 of its levels.

You collected 15 gold pieces.

Inventory:

Hand Weapons
 a - a +1 dagger (weapon)
Armour
 b - a +0 robe (worn)
Scrolls
 d - 3 scrolls of acquirement {unknown}
Potions
 c - a potion of invisibility


   Skills:
 + Level 1.1 Short Blades
 + Level 2.1 Dodging
 * Level 4.9 Stealth
 * Level 2.3 Spellcasting
 + Level 4.6 Hexes


You had 5 spell levels left.
You didn't know any spells.
Your spell library contained the following spells:

 Spells                   Type           Power      Damage    Failure   Level
 Confusing Touch          Hex            17%        N/A       9%          3
 Tukima's Dance           Hex            17%        N/A       9%          3
 Ensorcelled Hibernation  Hex/Ice        18%        N/A       11%         2
 Dazzling Flash           Conj/Hex       18%        N/A       22%         3


Dungeon Overview and Level Annotations

Branches:
Dungeon (1/15)

Altars:


Innate Abilities, Weirdness & Mutations

You do not regenerate when monsters are visible.
You are frail without blood (-20% HP).
You can heal yourself when you bite living creatures.
You are immune to poison.
You have razor-sharp teeth.
You have supernaturally acute eyesight. (SInv)
You are afflicted with vampirism.


Message History

You barely miss the kobold.
The kobold is severely wounded.
The bat hits you but does no damage. The bat closely misses you.
The hobgoblin hits you. The kobold misses you.
You barely miss the kobold.
The kobold is severely wounded.
The bat hits you. The hobgoblin closely misses you.
The kobold closely misses you.
You fade into invisibility!
The hobgoblin closely misses you.
The kobold hits you with a +0 short sword.
The bat barely misses you. The bat hits you but does no damage.
The kobold closely misses you.
You hit the bat. Your bite misses the bat.
The bat is moderately wounded.
The bat hits you. The hobgoblin barely misses you. The bat closely misses you.
The giant cockroach bites you but does no damage.
You closely miss the bat. The bat hits you but does no damage.
The giant cockroach barely misses you. The kobold barely misses you.
The bat barely misses you. The bat hits you but does no damage.
The bat misses you.
You see here 13 gold pieces.
You miss the bat. The bat closely misses you.
The giant cockroach barely misses you. The hobgoblin barely misses you.
The bat hits you.
* * * LOW HITPOINT WARNING * * *
The giant cockroach bites you.
* * * LOW HITPOINT WARNING * * *
Found 8 gold pieces.
The bat misses you.
Found a white potion.
The bat closely misses you. The bat attacks as you move away! The bat hits you.
* * * LOW HITPOINT WARNING * * *
Found a book of Spectacle.
The bat barely misses you. The bat closely misses you. The bat hits you.
* * * LOW HITPOINT WARNING * * *
The bat hits you.
You die...

..≈≈≈............# .....
#≈≈§≈≈##.........##.....
#≈≈≈≈≈##....$.........##
#≈≈>≈≈##......g........:
##############.......$..
#K......... #.B..$.....
#.......... #.b@.......
#...........##
#.##........# #
..........# ###........#
####.##### .# .#


You could see a giant cockroach (wandering, unable to see you), a hobgoblin
(wandering, unable to see you), a bat and a kobold (wandering, unable to see
you).

Vanquished Creatures
  A dart slug (D:1)
  A ball python (D:1)
  A bat (D:1)
  An endoplasm (D:1)
  2 giant cockroaches (D:1)
  A hobgoblin (D:1)
  A quokka (D:1)
8 creatures vanquished.

Notes
Turn   | Place    | Note
-------+----------+-------------------------------------------
     0 | D:1      | LynnLen the Vampire Enchanter began the quest for the Orb.
     0 | D:1      | Reached XP level 1. HP: 13/13 MP: 3/3
   300 | D:1      | Reached XP level 2. HP: 15/15 MP: 5/5
   543 | D:1      | Slain by a bat

Illustrated notes

Levels and vault maps discovered:
D:1:      grunt_arrival_lava_bath, layout_basic

Action                   || total
-------------------------++-------
Melee: Dagger            ||    40
       Bite              ||     4
       Punch             ||     1
 Abil: Exsanguinate      ||     1
  Use: Potion            ||     1
 Stab: Sleeping          ||     2
Armor: Robe              ||    20
Dodge: Dodged            ||    45

Table legend: (Time is in decaauts)
 A = Elapsed time spent in this place.
 B = Non-inter-level travel time spent in this place.
 C = Inter-level travel time spent in this place.
 D = Time resting spent in this place.
 E = Time spent auto-exploring this place.
 F = Levels seen in this place.
 G = Mean time per level.
                   A        B        C        D        E       F      G
               +--------+--------+--------+--------+--------+-----+--------+
         Total |    540 |    540 |      0 |    241 |    144 |   1 |  540.0 |
       Dungeon |    540 |    540 |      0 |    241 |    144 |   1 |  540.0 |
               +--------+--------+--------+--------+--------+-----+--------+

Top non-repeatable levels by time:
     D:1: 540 daAuts
